 Dungeon Sprint DCSS version 0.27.1-1-g398f81649c (webtiles) character file.

Game seed: 4964827086882865266

367 styxcanada the Unseen (level 6, -4/30 (33) HPs)
             Began as a Spriggan Brigand on Sept 8, 2021.
             Was an Initiate of Gozag.
             Slain by a wight (9 damage)
             ... in the Dungeon (Sprint VII: "The Pits").
             The game lasted 00:05:13 (819 turns).

styxcanada the Unseen (Spriggan Brigand)             Turns: 819, Time: 00:05:16

HP:   -4/30 (33)    AC:  3    Str:  7    XL:     6   Next: 41%
MP:   7/7           EV: 21    Int: 13    God:    Gozag
Gold: 1017          SH:  0    Dex: 18    Spells: 5/5 levels left

rFire    . . .     SeeInvis +   n - +0 dagger (elec)
rCold    . . .     Faith    .   (shield restricted)
rNeg     . . .     Spirit   .   b - +0 robe
rPois    .         Reflect  .   (helmet restricted)
rElec    .         Harm     .   c - +0 cloak
rCorr    .         Rampage  .   (gloves unavailable)
Will     +....     NoTele   +   (boots unavailable)
Stlth    ++++++....             (no amulet)
HPRegen  0.10/turn              (no ring)
MPRegen  0.10/turn              (no ring)

@: on berserk cooldown, slowed, drained, quick
A: very small, no large weapons, unfitting armour, see invisible, speed 3
a: Renounce Religion, Potion Petition, Call Merchant, Bribe Branch


You were in the Dungeon.
You worshipped Gozag.
Gozag was most pleased with you.
You visited 1 branch You collected 1017 gold pieces.

Inventory:

Hand Weapons
 a - a +2 dagger
 n - a +0 dagger of electrocution (weapon)
 o - a +0 long sword of flaming
Missiles
 d - 2 poisoned darts (quivered)
 e - 2 curare-tipped darts
 m - 7 stones
Armour
 b - a +0 robe (worn)
 c - a +0 cloak (worn)
Scrolls
 k - a scroll of blinking
Potions
 f - 6 potions of curing
 g - 4 potions of heal wounds
 h - a potion of haste
 i - 4 potions of magic
 j - 2 potions of berserk rage
 l - 2 potions of invisibility


   Skills:
 * Level 4.1 Fighting
 + Level 5.7 Short Blades
 + Level 4.1 Throwing
 * Level 6.4 Dodging
 * Level 15.8 Stealth


You had 5 spell levels left.
You didn't know any spells.
Your spell library was empty.

Dungeon Overview and Level Annotations

Branches:
Dungeon (1/1)

Altars:
Ashenzari
Cheibriados
Dithmenos
Elyvilon
Fedhas
Gozag
Hepliaklqana
Kikubaaqudgha
Makhleb
Nemelex Xobeh
Okawaru
Qazlal
Ru
Sif Muna
Trog
Uskayaw
Vehumet
Wu Jian
Xom
Yredelemnul
Zin
The Shining One
Beogh
Jiyva
Lugonu


Innate Abilities, Weirdness & Mutations

You are very small and have problems with some larger weapons.
You are too small for most types of armour.
You have supernaturally acute eyesight. (SInv)
You cover ground extremely quickly. (Speed+++)


Message History

a +3 long sword; a +0 robe You see here a +0 mace.
You start resting.
A wight is nearby!
Things that are here:
a +3 long sword; a +0 robe Throw: 4 darts (poison)
Press: ? - help, Q - select action, (/) - cycle Shift-Dir - straight line, f - wight
Aim: a wight, wielding a +0 short sword and wearing a +0 robe (wandering, hasn't noticed you, 65% to hit)
You throw a poisoned dart. The poisoned dart hits the wight!
Throw: 3 darts (poison)
Press: ? - help, Q - select action, (/) - cycle Shift-Dir - straight line, f/p - wight
Aim: a wight, wielding a +0 short sword and wearing a +0 robe (65% to hit)
You throw a poisoned dart. The poisoned dart hits the wight.
You aren't carrying any items that you can evoke.
You see here a +0 mace.
You hit the wight but do no damage. The wight closely misses you.
You hit the wight but do no damage.
The wight hits you with a +0 short sword.
You feel drained.
You hit the wight but do no damage. Lightning courses through the wight!
The wight is severely damaged.
The wight hits you with a +0 short sword.
You hit the wight but do no damage.
The wight is severely damaged.
The wight hits you with a +0 short sword.
You feel drained.
You hit the wight.
The wight is almost destroyed.
The wight barely misses you.
You hit the wight but do no damage.
The wight is severely damaged.
The wight barely misses you.
You barely miss the wight.
The wight is severely damaged.
The wight hits you with a +0 short sword!
* * * LOW HITPOINT WARNING * * *
The wight hits you with a +0 short sword!
You die...
Your body crumbles into a pile of gold.

############ #_________.#
#_________.#
#_______...###########++#
##########'##............
#.?..')))'.##......#..#..
##########.##............
#.().((.z@.)'............
#(#####'#####......#..#..
#.#..#..#[[##............
#s#..)..#).#####'#####+ #
#.#..####.)##.......#
#Z#..#..#))##.......#
#$#..#..#..##.......#
#$##'#..#'###...<...#
#$#........##.......#


You could see a wight.

Vanquished Creatures
  A water moccasin (D)
  A scorpion (D)
  2 wights (D)
  An orc priest (D)
  A gnoll shaman (D)
  2 gnolls (D)
  A river rat (D)
  An adder (D)
  2 orcs (D)
  2 endoplasms (D)
  9 jackals (D)
  A ball python (D)
  A ball python skeleton (D)
  A quokka skeleton (D)
26 creatures vanquished.

Notes
Turn   | Place    | Note
-------+----------+-------------------------------------------
     0 | D        | styxcanada the Spriggan Brigand began the quest for the
                  | Orb.
     0 | D        | Reached XP level 1. HP: 10/10 MP: 2/2
    21 | D        | Reached skill level 6 in Stealth
    23 | D        | Reached skill level 7 in Stealth
    28 | D        | Found a bloodstained altar of Trog.
    28 | D        | Found a shimmering blue altar of Sif Muna.
    28 | D        | Found a viscous altar of Jiyva.
    28 | D        | Found a hazy altar of Hepliaklqana.
    28 | D        | Found an opulent altar of Gozag.
    29 | D        | Found a glowing golden altar of the Shining One.
    29 | D        | Found a glowing silver altar of Zin.
    29 | D        | Found a basalt altar of Yredelemnul.
    29 | D        | Found a shimmering altar of Xom.
    29 | D        | Found an ornate altar of the Wu Jian Council.
    29 | D        | Found a sacrificial altar of Ru.
    29 | D        | Found a stormy altar of Qazlal.
    29 | D        | Found an iron altar of Okawaru.
    29 | D        | Found a sparkling altar of Nemelex Xobeh.
    29 | D        | Found a burning altar of Makhleb.
    29 | D        | Found a blossoming altar of Fedhas.
    29 | D        | Found a white marble altar of Elyvilon.
    29 | D        | Found a shadowy altar of Dithmenos.
    29 | D        | Found a snail-covered altar of Cheibriados.
    30 | D        | Found a radiant altar of Vehumet.
    30 | D        | Found a corrupted altar of Lugonu.
    31 | D        | Found an ancient bone altar of Kikubaaqudgha.
    31 | D        | Found a hide-covered altar of Uskayaw.
    31 | D        | Found a broken altar of Ashenzari.
    33 | D        | Became a worshipper of Gozag Ym Sagoz the Greedy
   204 | D        | Reached skill level 8 in Stealth
   204 | D        | Reached XP level 2. HP: 15/15 MP: 3/3
   213 | D        | Reached skill level 9 in Stealth
   250 | D        | Reached XP level 3. HP: 13/18 MP: 4/4
   279 | D        | Reached skill level 10 in Stealth
   397 | D        | Reached skill level 11 in Stealth
   397 | D        | Reached XP level 4. HP: 9/23 MP: 5/5
   743 | D        | Noticed a scorpion
   745 | D        | Reached skill level 12 in Stealth
   746 | D        | Noticed a sky beast
   747 | D        | Noticed a water moccasin
   748 | D        | Reached XP level 5. HP: 28/28 MP: 6/6
   761 | D        | Killed a water moccasin
   762 | D        | Reached skill level 5 in Short Blades
   762 | D        | Reached skill level 5 in Dodging
   762 | D        | Reached skill level 14 in Stealth
   797 | D        | Reached skill level 15 in Stealth
   797 | D        | Reached XP level 6. HP: 33/33 MP: 7/7
   819 | D        | Slain by a wight

Illustrated notes

Levels and vault maps discovered:
D:        pitsprint [storerooms_1, entrance_room_1, metal_vault_8, armoury_2,
          mini_pit_1, grid_room_1, main_hall_1, silver_pit, the_coven_3,
          the_vestibule_1, steel_vault_2, golden_pit, hallway_of_sentries,
          crystal_vault_2, iron_vault_5, final_vault]

Skill      XL: |  1  2  3  4  5  6 |
---------------+-------------------+-----
Stealth        | 8 9 11 12 15 | 15.8
Dodging        | 2 3 4 6 |  6.4
Fighting       | 2 3 4 |  4.1
Short Blades   | 3 4 5 |  5.7
Throwing       | 3 4 |  4.1

Action                   |  1- 3 |  4- 6 || total
-------------------------+-------+-------++-------
Melee: Dagger            |    63 |    30 ||    93
Throw: Dart              |    13 |     5 ||    18
       Stone             |     2 |     1 ||     3
  Use: Potion            |     1 |     2 ||     3
 Stab: Sleeping          |     5 |     1 ||     6
       Distracted        |     1 |       ||     1
Armor: Robe              |     5 |       ||     5
Dodge: Dodged            |    41 |    14 ||    55
